 Dungeon Crawl Stone Soup version 0.28-a0-802-g09f76e8c00 (webtiles) character file.

Game seed: 5996880875997300848

4 flotson the Sneak (level 1, -2/18 HPs)
             Began as a Demonspawn Delver on Nov 7, 2021.
             Succumbed to an orc's poison
             ... on level 3 of the Dungeon.
             The game lasted 00:00:35 (221 turns).

flotson the Sneak (Demonspawn Delver)                Turns: 221, Time: 00:00:36

Health: -2/18      AC:  3    Str: 12    XL:     1   Next: 50%
Magic:  1/1        EV: 11    Int: 11    God:
Gold:   18         SH:  0    Dex: 14    Spells: 0/0 levels left

rFire   . . .      SeeInvis .   a - +0 hand axe
rCold   . . .      Faith    .   (no shield)
rNeg    . . .      Spirit   .   b - +0 leather armour
rPois   .          Reflect  .   (no helmet)
rElec   .          Harm     .   (no cloak)
rCorr   .          Rampage  .   (no gloves)
Will    .....                   (no boots)
Stlth   ++........              (no amulet)
HPRegen 0.06/turn               (no ring)
MPRegen 0.07/turn               (no ring)

@: lethally poisoned (-2 -> -20), hasted, very quick
A: no striking features
a: no special abilities


You were on level 3 of the Dungeon.
You visited 1 branch of the dungeon, and saw 3 of its levels.

You collected 18 gold pieces.

Inventory:

Hand Weapons
 a - a +0 hand axe (weapon)
Armour
 b - a +0 leather armour (worn)
Wands
 g - a wand of digging (3)
Scrolls
 c - a scroll of fog
 d - a scroll of magic mapping
 e - a scroll of fear
 h - a scroll of identify {unknown}


   Skills:
 + Level 3.1 Fighting
 - Level 1.7 Axes
 + Level 0.3 Armour
 + Level 1.9 Dodging
 - Level 4.5 Stealth


You couldn't memorise any spells.
You didn't know any spells.
Your spell library was empty.

Dungeon Overview and Level Annotations

Branches:
Dungeon (5/15)
 Temple: D:4-7

Altars:


Message History

No target in view!
There is a stone staircase leading down, spattered with blood here. 2 orcs come into view.
An orc is wielding a +0 dagger of venom. 2 orcs come into view.
An orc is wielding a +0 flail of protection.
The orc shouts!
There is a stone staircase leading down, spattered with blood here.
You feel yourself speed up.
The orc shouts!
You hit the orc.
The orc is moderately wounded.
You hear a shout!
The orc hits you but does no damage.
You are poisoned.
You closely miss the orc.
The orc is moderately wounded.
You feel very sick. The orc misses you.
You hit the orc.
The orc is heavily wounded.
You feel sick.
You closely miss the orc.
The orc is heavily wounded.
You feel sick.
The orc hits you with a +0 dagger of venom.
You are lethally poisoned!
You closely miss the orc.
The orc is heavily wounded.
* * * LOW HITPOINT WARNING * * *
You feel very sick. The orc hits you but does no damage.
You are more poisoned.
You hit the orc.
You kill the orc!
* * * LOW HITPOINT WARNING * * *
You feel very sick.
You aren't carrying any potions.
You closely miss the orc.
You die...

#..##.#.#
#..##.#.#
#..##.#.#
########.....#.#
.............#.#
.######.#.#.##.#
#.#......#
####.###.####
#.o>oo@..#
.###.###.##.#####
.oo......##.#
o.o..######.# ###
..# ###


You could see 3 orcs.

Vanquished Creatures
  An orc (D:3)
  A giant cockroach (D:3)
  A rat (D:3)
3 creatures vanquished.

Notes
Turn   | Place    | Note
-------+----------+-------------------------------------------
     0 | D:5      | flotson the Demonspawn Delver began the quest for the Orb.
     0 | D:5      | Reached XP level 1. HP: 18/18 MP: 1/1
    57 | D:5      | Noticed a howler monkey
   221 | D:3      | Succumbed to an orc's poison

Illustrated notes

Levels and vault maps discovered:
D:3:      layout_loops_corners, dk_yredelemnul_ordeal, uniq_grinder
D:4:      cheibrodos_thug_alley, layout_basic, lemuel_round_altar,
          general_overflow_altar, st_stairs_13, minmay_misc_feat_nine_boxes,
          eino_small_chamber_without_monster
D:5:      layout_loops_ring, gammafunk_temple_overflow_forgotten,
          minmay_temple_entry_tees, kennysheep_small_square

Action                   || total
-------------------------++-------
Melee: Hand axe          ||    17
  Use: Potion            ||     1
Armor: Leather armour    ||     7
Dodge: Dodged            ||     7

Table legend: (Time is in decaauts)
 A = Elapsed time spent in this place.
 B = Non-inter-level travel time spent in this place.
 C = Inter-level travel time spent in this place.
 D = Time resting spent in this place.
 E = Time spent auto-exploring this place.
 F = Levels seen in this place.
 G = Mean time per level.
                   A        B        C        D        E       F      G
               +--------+--------+--------+--------+--------+-----+--------+
         Total |    221 |    198 |     23 |      0 |    143 |   3 |   73.7 |
       Dungeon |    221 |    198 |     23 |      0 |    143 |   3 |   73.7 |
               +--------+--------+--------+--------+--------+-----+--------+

Top non-repeatable levels by time:
     D:3: 134 daAuts
     D:5: 85 daAuts
     D:4: 2 daAuts
